Cogmind - Beta 15 @@@ ROGUE MODE // 2025.07.10 @ 15:37:17 Player: jumpy Result: Destroyed by S-43 Plague with Heavy Machine Gun Performance ------------- Evolutions (7) 3500 Regions Visited (20) 4000 Robots Destroyed (95) 475 Value Destroyed (3005) 3005 Prototype IDs (32) 640 Alien Tech Used (0) 0 Bonus (1529) 1529 TOTAL SCORE: 13149 Bonus ------- Follower Combat Kills 229 Met Data Miner 300 Met Warlord at Base 500 MAIN.C Attacked Warlord 500 Cogmind --------- Core Integrity 0/1300 Matter 270/300 Energy 6/100 System Corruption 18% Temperature Cool (6) Movement Flying (37) Location -3/Research Parts ------- > --- POWER (2) -------- (None) > --- PROPULSION (7) --- Xenon Bombardment Thruster Xenon Bombardment Thruster > --- UTILITY (9) ------ Improved Coolant Injector Improved Signal Interpreter Advanced Terrain Scan Processor > --- WEAPON (3) ------- (None) > --- INVENTORY (5) ---- Improved Antigrav System Cooled Antigrav System Antigrav Array Peak State ------------ > --- POWER ------------ Neutrino Core Light Particle Reactor > --- PROPULSION ------- Combat Gravmag System Combat Gravmag System Combat Gravmag System Combat Gravmag System Combat Antigrav System Antigrav Array > --- UTILITY ---------- Advanced Power Amplifier Large Storage Unit Improved Signal Interpreter Advanced Terrain Scan Processor Precision Matter Filter Advanced Reaction Control System Improved Cloaking Device Improved Hacking Suite Advanced Hacking Suite > --- WEAPON ----------- Compact HERF Cannon Advanced Plasma Cannon Kinetic Spear > --- INVENTORY -------- Light Particle Reactor Cooled Antigrav System Cooled Antigrav System Q-thruster Makeshift Transmission Jammer Minesniffer Drone Bay Advanced Datajack [Rating: 135] Favorites ----------- Power Light Ion Engine Engine Light Ion Engine Power Core Nuclear Core Reactor Light Antimatter Reactor Propulsion Light Treads Treads Light Treads Leg Flexi-carbon Leg Hover Unit Aerolev Unit Flight Unit Xenon Bombardment Thruster Utility Large Storage Unit Device Advanced Sensor Array Storage Large Storage Unit Processor Improved Signal Interpreter Hackware Improved Hacking Suite Weapon Advanced Plasma Cannon Energy Gun Medium Laser Energy Cannon Advanced Plasma Cannon Ballistic Gun High-powered Shotgun Ballistic Cannon Advanced Assault Cannon Launcher Rocket Launcher Special Weapon RU-N14's Throwing Claymores v3 Slashing Weapon Katana Piercing Weapon Kinetic Spear Special Melee Weapon Advanced Datajack Build | -11 -10 -10 -9 -8 -8 -7 -7 -7 -6 -6 -6 -6 -5 -5 -4 -4 -4 -4 -3 -3 ------- Run | Yrd Mat Min Mat Mat Sto Fac Was Fac Fac Low Low Dat Pro Fac Fac Upp Upp War Pro Res Slots Evolved 14 | . . . 2 2 . 2 . . 2 . . . . 2 2 . . . . 2 Power 1 | . . . . . . . . . . . . . . 1 . . . . . . Propulsion 5 | . . . 1 2 . 1 . . . . . . . . . . . . . 1 Utility 7 | . . . 1 . . 1 . . 2 . . . . 1 1 . . . . 1 Weapon 1 | . . . . . . . . . . . . . . . 1 . . . . . Parts Attached 132 | 8 1 3 16 . 12 2 . 6 18 . 1 1 2 7 3 1 9 13 5 24 Power 21 | 1 . 1 1 . 2 . . 1 2 . . . . 3 . . 2 3 1 4 Engine 10 | 1 . 1 1 . 1 . . 1 . . . . . 1 . . 1 2 1 . Core 6 | . . . . . 1 . . . 1 . . . . 2 . . 1 . . 1 Reactor 5 | . . . . . . . . . 1 . . . . . . . . 1 . 3 Propulsion 37 | 2 . . 3 . 7 . . 3 6 . . . . 1 . . 2 4 . 9 Treads 7 | 2 . . 3 . . . . . 2 . . . . . . . . . . . Leg 4 | . . . . . . . . . . . . . . . . . 2 2 . . Wheel . | . . . . . . . . . . . . . . . . . . . . . Hover 22 | . . . . . 6 . . 3 4 . . . . 1 . . . 2 . 6 Flight 4 | . . . . . 1 . . . . . . . . . . . . . . 3 Utility 34 | 2 1 . 2 . . 2 . . 7 . . 1 2 2 1 1 2 3 2 6 Device 25 | 1 . . 2 . . 1 . . 5 . . 1 1 1 . 1 2 2 2 6 Storage 2 | 1 1 . . . . . . . . . . . . . . . . . . . Processor 5 | . . . . . . 1 . . 2 . . . . 1 . . . 1 . . Hackware 2 | . . . . . . . . . . . . . 1 . 1 . . . . . Protection . | . . . . . . . . . . . . . . . . . . . . . Artifact . | . . . . . . . . . . . . . . . . . . . . . Weapon 40 | 3 . 2 10 . 3 . . 2 3 . 1 . . 1 2 . 3 3 2 5 Energy Gun 5 | 3 . 1 . . . . . . . . . . . 1 . . . . . . Energy Cannon 6 | . . . . . . . . . 2 . . . . . 1 . 2 . . 1 Ballistic Gun 11 | . . . 9 . 1 . . . . . . . . . . . . . . 1 Ballistic Cannon 1 | . . . . . . . . 1 . . . . . . . . . . . . Launcher 6 | . . 1 1 . 2 . . . . . 1 . . . . . 1 . . . Special Weapon 4 | . . . . . . . . . . . . . . . . . . 2 2 . Impact Weapon . | . . . . . . . . . . . . . . . . . . . . . Slashing Weapon 4 | . . . . . . . . 1 1 . . . . . 1 . . 1 . . Piercing Weapon 2 | . . . . . . . . . . . . . . . . . . . . 2 Special Melee Weapon 1 | . . . . . . . . . . . . . . . . . . . . 1 Unidentified Prototypes 15 | . . . 1 . 4 . . 2 . . . . . . . . . 6 . 2 Parts Lost 77 | . . 1 4 . . . . 12 7 . 1 . . . . . 16 . 13 23 Power 14 | . . 1 1 . . . . . 1 . . . . . . . 4 . 3 4 Propulsion 30 | . . . 2 . . . . 8 4 . . . . . . . 5 . 4 7 Utility 20 | . . . 1 . . . . 2 1 . 1 . . . . . 3 . 4 8 Weapon 13 | . . . . . . . . 2 1 . . . . . . . 4 . 2 4 Highest Loss Streak 17 | . . 1 2 . . . . 11 6 . 1 . . . . . 11 . 6 17 To Critical Strikes . | . . . . . . . . . . . . . . . . . . . . . Average Backups 11 | 4 11 13 13 11 12 14 15 14 9 13 13 13 13 13 13 14 8 11 11 6 Power 1 | . 1 1 . . 1 2 2 1 . 2 2 2 2 2 2 2 . . 1 . Propulsion 2 | 1 5 6 7 7 6 5 5 4 1 1 1 1 1 . . . . . 1 3 Utility 3 | . 2 2 1 . . 1 2 4 3 6 6 5 4 4 5 5 5 5 5 2 Weapon 3 | . 3 4 4 4 5 6 6 4 3 4 4 4 5 5 5 5 1 3 2 . Tool/Special . | . . . . . . . . . . . . . . . . . . . . . Unused Backups 29 | . 1 1 5 . 6 . . 2 . . 1 . . 2 2 1 1 . . 7 Power . | . . . . . . . . . . . . . . . . . . . . . Propulsion 17 | . . . 3 . 6 . . . . . . . . 1 . . . . . 7 Utility 4 | . . 1 . . . . . 1 . . . . . 1 1 . . . . . Weapon 8 | . 1 . 2 . . . . 1 . . 1 . . . 1 1 1 . . . Tool/Special . | . . . . . . . . . . . . . . . . . . . . . Average Slot Usage (%) 78 | . 100 99 87 81 97 93 100 95 73 86 85 78 80 83 86 89 48 69 70 72 Engine 3 | . 14 13 9 9 5 . . 2 . . . . . . . . . 6 2 . Core 2 | . . . . . 3 7 7 4 4 . . . . 3 10 10 1 . . 2 Reactor 1 | . . . . . . . . . 1 6 6 6 6 3 . . . 1 2 2 Treads 6 | . 28 28 32 27 3 . . . 5 . . . . . . . . . . . Leg 3 | . . . . . . . . . . . . . . . . . 2 12 13 . Hover 12 | . . . . . 39 46 46 43 12 26 26 26 26 25 26 26 3 . 1 23 Device 12 | . 14 14 12 18 18 11 15 14 11 13 12 11 10 13 15 15 8 11 10 10 Storage 6 | . 14 14 11 9 9 7 7 7 6 6 6 6 6 5 5 5 5 5 5 3 Processor 9 | . . . . . . 4 7 7 18 20 20 20 15 11 10 10 10 10 10 9 Hackware 4 | . . . . . . . . . . . . . 5 5 8 10 10 10 10 8 Energy Gun 3 | . 28 27 5 . . . . . . . . . . . . . . . . . Energy Cannon 3 | . . . . . . . . . 4 6 6 . . 4 5 5 4 5 4 3 Ballistic Gun 2 | . . . 15 18 17 15 15 4 . . . . . . . . . . . . Slashing Weapon 2 | . . . . . . . . 5 5 6 6 6 6 5 4 5 . . 4 . Peak Build Rating 135 | 7 9 17 21 20 41 46 46 49 63 62 62 57 63 79 91 93 93 113 113 135 Average Rating 54 | 6 8 9 14 20 34 42 46 45 44 62 61 55 58 69 87 91 45 78 87 100 On Entrance 46 | . 7 9 9 20 20 38 46 46 20 62 62 57 52 63 78 91 93 51 113 47 Naked Turns . | . . . . . . . . . . . . . . . . . . . . . Heaviest Build 80 | 13 28 37 31 31 40 41 41 47 44 44 44 43 44 51 53 54 54 80 80 73 Greatest Support 98 | 40 40 40 69 69 69 48 48 48 52 44 44 44 44 56 56 56 56 95 95 98 Greatest Overweight (x) 14 | . . . . . 10 . . 2 9 . . . . . . . 14 3 1 1 Average Overweight (x) . | . . . . . . . . . . . . . . . . . 2 . . . Largest Inventory Capacity 15 | 8 15 15 15 15 15 15 15 15 15 15 15 15 15 15 15 15 15 15 15 15 Average Capacity 14 | 7 14 15 15 15 15 15 15 15 15 15 15 15 15 15 15 15 15 15 15 13 Most Carried 15 | 7 13 15 15 11 15 15 15 15 14 14 15 14 15 15 15 15 15 15 15 13 Average Carried 11 | 4 11 13 13 11 12 14 15 14 10 14 14 14 14 14 14 14 8 11 11 6 Final Capacity 15 | 8 15 15 15 15 15 15 15 15 15 15 15 15 15 15 15 15 15 15 15 5 Final Carried 15 | 7 13 14 11 11 15 15 15 12 14 14 14 14 15 15 15 15 7 15 6 4 Class Distribution -------------------- 33% | Mutant 22% | Hacker-Mutant 11% | Scout 8% | Hacker-Skirmisher 7% | Hacker-Scout 6% | Hacker-Assassin 5% | Assassin 3% | Sprinter Dominant Class ---------------- Mutant | -10/Materials Mutant | -10/Mines Mutant | -9/Materials Mutant | -8/Materials Mutant | -8/Storage Sprinter | -7/Factory Sprinter | -7/Waste Sprinter | -7/Factory Assassin | -6/Factory Scout | -6/Lower Caves Scout | -6/Lower Caves Mutant | -6/Data Miner Scout | -5/Proximity Caves Scout | -5/Factory Hacker-Scout | -4/Factory Hacker-Scout | -4/Upper Caves Hacker-Mutant | -4/Upper Caves Hacker-Skirmisher | -4/Warlord Hacker-Mutant | -3/Proximity Caves Hacker-Mutant | -3/Research Resources | -11 -10 -10 -9 -8 -8 -7 -7 -7 -6 -6 -6 -6 -5 -5 -4 -4 -4 -4 -3 -3 ----------- Run | Yrd Mat Min Mat Mat Sto Fac Was Fac Fac Low Low Dat Pro Fac Fac Upp Upp War Pro Res Matter Collected 2336 | 280 . 83 214 . 302 46 . 121 376 . . . 79 10 . 115 179 . 311 220 Remotely . | . . . . . . . . . . . . . . . . . . . . . Salvage Created 3056 | 289 . 58 451 . 352 46 . 136 491 . 55 . . 54 . . 215 . 179 730 Parts 187 | 23 . 3 29 . 30 . . 8 29 . 5 . . 8 . . 6 . 9 37 Haulers Intercepted 7 | . . . 1 . 3 . . 1 . . . . . . . . . . . 2 Recyclers Shooed 2 | . . . . . 1 . . . . . . . . . . . . . . 1 Parts Field Recycled . | . . . . . . . . . . . . . . . . . . . . . Retrieved Matter . | . . . . . . . . . . . . . . . . . . . . . Parts Self-Destructed 14 | . . . . . . . . . . . 3 . . . . . 3 . 8 . Prevented . | . . . . . . . . . . . . . . . . . . . . . Kills | -11 -10 -10 -9 -8 -8 -7 -7 -7 -6 -6 -6 -6 -5 -5 -4 -4 -4 -4 -3 -3 ------- Run | Yrd Mat Min Mat Mat Sto Fac Was Fac Fac Low Low Dat Pro Fac Fac Upp Upp War Pro Res Combat Hostiles Destroyed 69 | . . 7 13 . 7 1 . 1 5 . 4 . . 5 . . 6 . 12 8 Melee 10 | . . . . . . . . 1 4 . . . . . . . . . . 5 Guns 23 | . . 5 10 . 7 1 . . . . . . . . . . . . . . Cannons 9 | . . . . . . . . . 1 . . . . . . . 2 . 5 1 AOE 24 | . . 2 3 . . . . . . . 4 . . 5 . . 4 . 6 . Classes Destroyed 17 | 3 . 3 5 . 1 . . . 3 . . . . . . . 1 . 1 . Worker 3 | 1 . . . . . . . 1 1 . . . . . . . . . . . Builder 5 | . . . 2 . . . . . 1 . . . . 1 . . . . . 1 Tunneler 9 | 8 . . . . . . . . 1 . . . . . . . . . . . Hauler 7 | . . . 1 . 3 . . 1 . . . . . . . . . . . 2 Recycler 2 | 1 . . 1 . . . . . . . . . . . . . . . . . Mechanic 2 | . . . . . 1 . . . 1 . . . . . . . . . . . Operator 1 | . . . . . . . . . 1 . . . . . . . . . . . Watcher 1 | . . . . . . . . . 1 . . . . . . . . . . . Swarmer 30 | . . 2 7 . 3 . . . . . 4 . . 5 . . . . 7 2 Grunt 14 | . . . 4 . 2 . . . 4 . . . . . . . 2 . . 2 Brawler 1 | . . . 1 . . . . . . . . . . . . . . . . . Protector 2 | . . . . . . . . . . . . . . . . . . . 2 . Sentry 8 | . . . 1 . 2 1 . 1 . . . . . . . . 1 . . 2 Demolisher 4 | . . 1 . . . . . . . . . . . . . . . . 3 . Hunter 3 | . . . . . . . . . . . . . . . . . 3 . . . Programmer 3 | . . . . . . . . . 1 . . . . . . . . . . 2 Decomposer 1 | . . . . . . . . . . . . . . . . . 1 . . . Assembled 4 | . . 4 . . . . . . . . . . . . . . . . . . Best Kill Streak 8 | 3 . 3 8 . 4 1 . 1 3 . 4 . . 5 . . 5 . 4 2 Combat Bots Only 8 | . . 3 8 . 3 1 . 1 3 . 4 . . 5 . . 5 . 4 2 Max Kills in Single Turn 3 | 1 . 1 3 . 2 1 . 1 1 . 3 . . 2 . . 2 . 2 1 Gunslinging . | . . . . . . . . . . . . . . . . . . . . . Exploded 3 | . . 1 3 . . . . . . . 3 . . 2 . . 2 . 1 . Melee 1 | . . . . . . . . 1 1 . . . . . . . . . . 1 Uniques/NPCs Destroyed . | . . . . . . . . . . . . . . . . . . . . . Combat | -11 -10 -10 -9 -8 -8 -7 -7 -7 -6 -6 -6 -6 -5 -5 -4 -4 -4 -4 -3 -3 -------- Run | Yrd Mat Min Mat Mat Sto Fac Was Fac Fac Low Low Dat Pro Fac Fac Upp Upp War Pro Res Hostile Shots Fired 883 | . . 41 75 . 29 36 . 101 68 . 7 . . 11 2 . 145 2 108 258 Missed 299 | . . 16 24 . 16 18 . 34 10 . 2 . . 5 1 . 53 . 35 85 Hits 584 | . . 25 51 . 13 18 . 67 58 . 5 . . 6 1 . 92 2 73 173 Melee 3 | . . 3 . . . . . . . . . . . . . . . . . . Projectile 581 | . . 22 51 . 13 18 . 67 58 . 5 . . 6 1 . 92 2 73 173 AOE 18 | . . . . . . . . . . . . . . . . . . . 18 . Critical Strikes 19 | . . 1 . . . . . 1 6 . . . . . . . 3 . . 8 Damage Taken 11646 | . . 375 543 . 154 128 . 1142 976 . 128 . . 87 24 . 1654 68 2505 3862 Core 3233 | . . 58 64 . 50 22 . 332 230 . 16 . . . . . 197 34 918 1312 Absorbed by Shields 49 | . . . . . . . . 49 . . . . . . . . . . . . Regen/Repaired (Parts) 156 | . . . . . . . . . 88 . . . . . . . . 68 . . Core Remaining (%) 71 | 100 . 76 84 . 90 . . 49 . . . . 71 100 . . . . . . Volleys Fired 232 | 19 1 24 47 . 21 5 . . 7 . 2 . . 6 . 3 18 . 48 31 Largest 2 | 2 2 2 2 . 2 2 . . 1 . 1 . . 1 . 1 1 . 2 1 Hottest 125 | 100 100 125 100 . 50 50 . . 85 . 39 . . 85 . 98 98 . 98 98 Shots Fired 335 | 38 2 37 85 . 42 10 . . 7 1 2 . . 6 . 3 18 . 53 31 Gun 210 | 38 2 34 84 . 42 10 . . . . . . . . . . . . . . Cannon 95 | . . . . . . . . . 7 1 . . . 3 . 3 9 . 41 31 Launcher 18 | . . 3 1 . . . . . . . 2 . . 3 . . 9 . . . Special 12 | . . . . . . . . . . . . . . . . . . . 12 . Kinetic 130 | . . . 78 . 42 10 . . . . . . . . . . . . . . Thermal 165 | 38 2 34 6 . . . . . 1 1 . . . 3 . 3 9 . 41 27 Explosive 30 | . . 3 1 . . . . . . . 2 . . 3 . . 9 . 12 . Electromagnetic 10 | . . . . . . . . . 6 . . . . . . . . . . 4 Robot Hit Streak 17 | 6 3 2 11 . 6 10 . . 5 6 1 . . 2 . . 4 . 11 17 Robot Miss Streak 6 | 4 . 6 5 . 5 2 . . 2 . 1 . . 2 . . 5 . 4 3 Penetration Max . | . . . . . . . . . . . . . . . . . . . . . Secondary Targets 2 | . . 1 1 . . . . . . . . . . . . . . . . . Max Gunslinging Chain 1 | . . 1 1 . . . . . . . . . . . . . . . . . Shots Hit Robots 285 | 21 2 14 59 . 31 8 . 8 29 1 1 . . 7 . . 7 . 33 64 Core Hits 169 | 11 . 12 21 . 20 4 . 4 14 . 4 . . 6 . . 32 . 20 21 Critical Kills . | . . . . . . . . . . . . . . . . . . . . . Critical Parts Destroyed . | . . . . . . . . . . . . . . . . . . . . . Critical Strikes 18 | 4 . 3 . . . . . . 2 . . . . . . . . . 3 6 Burn 7 | 4 . 3 . . . . . . . . . . . . . . . . . . Sever 5 | . . . . . . . . . 2 . . . . . . . . . 3 . Impale 6 | . . . . . . . . . . . . . . . . . . . . 6 Melee Attacks 135 | . . . . . . . . 17 42 . 1 . . 4 2 2 . . . 67 Impact . | . . . . . . . . . . . . . . . . . . . . . Slashing 68 | . . . . . . . . 17 42 . 1 . . 4 2 2 . . . . Piercing 60 | . . . . . . . . . . . . . . . . . . . . 60 Sneak Attacks 18 | . . . . . . . . 3 7 . . . . . . . . . . 8 Combat Hostiles 1 | . . . . . . . . 1 . . . . . . . . . . . . Follow-up Attacks . | . . . . . . . . . . . . . . . . . . . . . Damage Inflicted 11501 | 285 29 365 1191 . 580 164 . 405 1195 31 271 . . 703 . . 1220 . 2667 2395 Guns 2148 | 285 26 191 902 . 580 164 . . . . . . . . . . . . . . Cannons 1861 | . . . . . . . . . 174 31 . . . 29 . . 127 . 821 679 Explosions 3735 | . . 172 271 . . . . . . . 271 . . 523 . . 1093 . 1405 . Melee 3293 | . . . . . . . . 405 1021 . . . . 151 . . . . . 1716 Ramming 23 | . 3 2 18 . . . . . . . . . . . . . . . . . Kinetic 1583 | . . . 839 . 580 164 . . . . . . . . . . . . . . Thermal 2147 | 285 26 191 63 . . . . . 31 31 . . . 29 . . 127 . 821 543 Explosive 3735 | . . 172 271 . . . . . . . 271 . . 523 . . 1093 . 1405 . Electromagnetic 279 | . . . . . . . . . 143 . . . . . . . . . . 136 Impact . | . . . . . . . . . . . . . . . . . . . . . Slashing 2018 | . . . . . . . . 405 1021 . . . . 151 . . . . 441 . Piercing 1716 | . . . . . . . . . . . . . . . . . . . . 1716 Highest Corruption 18 | . . . . . . . . . 6 6 6 6 1 . . . . . . 18 Average Corruption 6 | . . . . . . . . . 5 6 6 4 1 . . . . . . 13 Corruption Purged 5 | . . . . . . . . . . . . 5 . . . . . . . . Corruption Blocked . | . . . . . . . . . . . . . . . . . . . . . Effects 37 | . . . . . . . . . 9 2 8 2 . . . . . . . 16 Message Errors 10 | . . . . . . . . . 2 1 2 . . . . . . . . 5 Matter Fused 7 | . . . . . . . . . 2 . . 1 . . . . . . . 4 Heat Flow Errors 5 | . . . . . . . . . 2 . 1 . . . . . . . . 2 Energy Discharges 3 | . . . . . . . . . 1 . 2 . . . . . . . . . Data Loss (minor) 6 | . . . . . . . . . 1 . 1 1 . . . . . . . 3 Data Loss (major) 3 | . . . . . . . . . 1 . 1 . . . . . . . . 1 Misfires 1 | . . . . . . . . . . 1 . . . . . . . . . . Alerts 1 | . . . . . . . . . . . 1 . . . . . . . . . Misdirections 1 | . . . . . . . . . . . . . . . . . . . . 1 Overload Shots . | . . . . . . . . . . . . . . . . . . . . . Overflow Damage 567 | . . . 23 . . . . 16 117 27 17 . . 50 . . . . 183 134 Projectiles 137 | . . . . . . . . . . 27 . . . . . . . . 77 33 Explosions 154 | . . . 23 . . . . . . . 17 . . 8 . . . . 106 . Melee 276 | . . . . . . . . 16 117 . . . . 42 . . . . . 101 Knockbacks . | . . . . . . . . . . . . . . . . . . . . . Impact . | . . . . . . . . . . . . . . . . . . . . . Kinetic . | . . . . . . . . . . . . . . . . . . . . . Secondary . | . . . . . . . . . . . . . . . . . . . . . Self-Inflicted Damage 90 | . . 41 . . . . . . . . 49 . . . . . . . . . Shots 2 | . . 1 . . . . . . . . 1 . . . . . . . . . Rammed 3 | . 1 1 1 . . . . . . . . . . . . . . . . . Targets Rammed 4 | . 1 1 2 . . . . . . . . . . . . . . . . . Kicked . | . . . . . . . . . . . . . . . . . . . . . Crushed 1 | . . . 1 . . . . . . . . . . . . . . . . . Highest Temperature 326 | 140 39 326 60 . 10 7 3 12 199 54 229 . . 68 . 168 68 . 308 288 Average Temperature 77 | 36 20 125 24 . 4 3 3 3 66 30 118 . . 33 . 94 24 . 132 81 Received Heat Transfer 1057 | . . 40 174 . 54 36 . 72 171 . . . . . . . 146 . 90 274 Effects 3 | . . 3 . . . . . . . . . . . . . . . . . . Interference 3 | . . 3 . . . . . . . . . . . . . . . . . . Siege Activations . | . . . . . . . . . . . . . . . . . . . . . Martial Activations . | . . . . . . . . . . . . . . . . . . . . . Shielding Activations . | . . . . . . . . . . . . . . . . . . . . . Robots Disrupted . | . . . . . . . . . . . . . . . . . . . . . Combat Hostiles . | . . . . . . . . . . . . . . . . . . . . . Robots Corrupted 1 | . . . . . . . . . . . . . . . . . . . . 1 Combat Hostiles 1 | . . . . . . . . . . . . . . . . . . . . 1 Parts Fried 3 | . . . . . . . . . 1 . . . . . . . . . . 2 Impact Corruptions . | . . . . . . . . . . . . . . . . . . . . . Robots Melted 2 | . . . . . . . . . . . . . . . . . . . 1 1 Combat Hostiles 2 | . . . . . . . . . . . . . . . . . . . 1 1 Parts Melted 11 | 4 . . 5 . . . . . . . . . . . . . . . 1 1 Heat Transferred 4482 | 1147 74 740 185 . . . . . 37 37 . . . 37 . . 200 . 1225 800 Parts Sabotaged . | . . . . . . . . . . . . . . . . . . . . . Parts Stolen . | . . . . . . . . . . . . . . . . . . . . . Parts Stripped . | . . . . . . . . . . . . . . . . . . . . . Power Chain Reactions . | . . . . . . . . . . . . . . . . . . . . . Alert | -11 -10 -10 -9 -8 -8 -7 -7 -7 -6 -6 -6 -6 -5 -5 -4 -4 -4 -4 -3 -3 ------- Run | Yrd Mat Min Mat Mat Sto Fac Was Fac Fac Low Low Dat Pro Fac Fac Upp Upp War Pro Res Maximum Alert Level . | . . . . . . . . . . . . . . . . . . . . . Low Security (%) 100 | 100 100 100 100 100 100 100 100 100 100 . . . . 100 100 . . . . 100 Level 1 . | . . . . . . . . . . . . . . . . . . . . . Level 2 . | . . . . . . . . . . . . . . . . . . . . . Level 3 . | . . . . . . . . . . . . . . . . . . . . . Level 4 . | . . . . . . . . . . . . . . . . . . . . . Level 5 . | . . . . . . . . . . . . . . . . . . . . . High Security . | . . . . . . . . . . . . . . . . . . . . . Max Security . | . . . . . . . . . . . . . . . . . . . . . Peak Influence 193 | 10 . 42 193 67 123 66 19 50 135 . . . . 138 28 . . . . 144 Initial 67 | . . . . 67 24 55 19 6 . . . . . . 28 . . . . . Average 24 | 1 . 4 48 63 31 51 16 16 26 . . . . 68 10 . . . . 17 Influence Increases 2655 | 50 . 113 450 . 225 31 . 136 357 . 105 . . 147 4 45 220 131 230 411 Destroy 0b10 Robot/C 1460 | . . 80 320 . 140 20 . 20 100 . 80 . . 100 . . 120 120 200 160 Destroy 0b10 Robot/NC 165 | 50 . . 25 . 20 . . 10 30 . . . . 5 . . . . 10 15 Destroy Leader 256 | . . 10 84 . 36 10 . 12 22 . 10 . . 10 . . 10 . 20 32 Allied During Kill 26 | . . 2 13 . . . . . . . . . . . . . . 11 . . Successful Hack 11 | . . . . . 11 . . . . . . . . . . . . . . . Disable Machine 30 | . . . . . . . . 15 15 . . . . . . . . . . . Destroy Structure 107 | . . 21 8 . 3 1 . 4 10 . . . . 32 4 . . . . 24 Partial Spotted 75 | . . . . . 15 . . 15 30 . . . . . . . . . . 15 Lose Combat Pursuer 525 | . . . . . . . . 60 150 . 15 . . . . 45 90 . . 165 Influence Decreases 2640 | 50 . 113 289 104 159 98 47 145 229 98 60 75 . 89 62 45 220 96 265 396 Entered New Map 429 | . . . . 94 33 68 37 3 . 48 6 75 . . 30 . . . 35 . Time Decay 1502 | 50 . 83 209 10 126 30 10 82 159 50 44 . . 89 32 45 85 36 178 184 Lost Part 581 | . . 10 40 . . . . 60 70 . 10 . . . . . 135 . 52 204 Lost Ally 128 | . . 20 40 . . . . . . . . . . . . . . 60 . 8 Squads Dispatched 18 | . 1 . 3 1 . . . 2 5 . . . . 2 . . . . . 4 Investigation 3 | . 1 . . . . . . . 2 . . . . . . . . . . . Extermination 4 | . . . . . . . . . 2 . . . . . . . . . . 2 Reinforcement 10 | . . . 3 1 . . . 1 1 . . . . 2 . . . . . 2 Assault . | . . . . . . . . . . . . . . . . . . . . . Garrison 1 | . . . . . . . . 1 . . . . . . . . . . . . Intercept . | . . . . . . . . . . . . . . . . . . . . . Searches Triggered . | . . . . . . . . . . . . . . . . . . . . . Construction Impeded 1 | . . . 1 . . . . . . . . . . . . . . . . . Haulers Reinforced 1 | . . . . . . . . 1 . . . . . . . . . . . . Active Scanning Responses . | . . . . . . . . . . . . . . . . . . . . . Cargo Convoy Interrupts . | . . . . . . . . . . . . . . . . . . . . . Stealth | -11 -10 -10 -9 -8 -8 -7 -7 -7 -6 -6 -6 -6 -5 -5 -4 -4 -4 -4 -3 -3 --------- Run | Yrd Mat Min Mat Mat Sto Fac Was Fac Fac Low Low Dat Pro Fac Fac Upp Upp War Pro Res Distress Signals 12 | . . . . . . . . . 1 . . . . . . . . 1 8 2 Communications Jammed 7 | . . . . . . . . . . . . . . . . . . . . 7 Distress Signals 7 | . . . . . . . . . . . . . . . . . . . . 7 Times Spotted 169 | . 2 10 23 . 13 1 3 12 18 . 7 . . 9 1 3 13 1 15 38 Peak Tracking Total 10 | . 1 4 5 1 6 1 3 8 6 . 6 . . 6 2 3 7 4 4 10 Tactical Retreats 18 | . . 1 . . . . . 1 4 . 1 . . . . 2 3 . . 6 Traps | -11 -10 -10 -9 -8 -8 -7 -7 -7 -6 -6 -6 -6 -5 -5 -4 -4 -4 -4 -3 -3 ------- Run | Yrd Mat Min Mat Mat Sto Fac Was Fac Fac Low Low Dat Pro Fac Fac Upp Upp War Pro Res Traps Triggered 5 | . 1 . . . . 1 . 2 1 . . . . . . . . . . . Indirectly . | . . . . . . . . . . . . . . . . . . . . . Trap Hack Attempts . | . . . . . . . . . . . . . . . . . . . . . Triggered . | . . . . . . . . . . . . . . . . . . . . . Disarmed . | . . . . . . . . . . . . . . . . . . . . . Reprogrammed . | . . . . . . . . . . . . . . . . . . . . . Reused . | . . . . . . . . . . . . . . . . . . . . . Traps Extracted . | . . . . . . . . . . . . . . . . . . . . . Installed . | . . . . . . . . . . . . . . . . . . . . . Triggered . | . . . . . . . . . . . . . . . . . . . . . Machines | -11 -10 -10 -9 -8 -8 -7 -7 -7 -6 -6 -6 -6 -5 -5 -4 -4 -4 -4 -3 -3 ---------- Run | Yrd Mat Min Mat Mat Sto Fac Was Fac Fac Low Low Dat Pro Fac Fac Upp Upp War Pro Res Machines Disabled 2 | . . . . . . . . 1 1 . . . . . . . . . . . Max in Single Turn 1 | . . . . . . . . 1 1 . . . . . . . . . . . Machines Repaired . | . . . . . . . . . . . . . . . . . . . . . Machines Dismantled . | . . . . . . . . . . . . . . . . . . . . . Machines Sabotaged . | . . . . . . . . . . . . . . . . . . . . . Overloaded Fab Kills . | . . . . . . . . . . . . . . . . . . . . . Hacking | -11 -10 -10 -9 -8 -8 -7 -7 -7 -6 -6 -6 -6 -5 -5 -4 -4 -4 -4 -3 -3 --------- Run | Yrd Mat Min Mat Mat Sto Fac Was Fac Fac Low Low Dat Pro Fac Fac Upp Upp War Pro Res Machines Accessed 19 | . 1 1 . . 2 . . . 3 . . 4 . . . 1 1 4 . 2 Terminals 5 | . 1 . . . 2 . . . 1 . . . . . . . . . . 1 Fabricators 1 | . . . . . . . . . 1 . . . . . . . . . . . Repair Stations 2 | . . . . . . . . . 1 . . . . . . . . . . 1 Recycling Units . | . . . . . . . . . . . . . . . . . . . . . Scanalyzers . | . . . . . . . . . . . . . . . . . . . . . Garrison Access . | . . . . . . . . . . . . . . . . . . . . . Total Hacks 54 | . 1 1 . . 3 . . . 3 . . 31 . . . 1 1 10 . 3 Successful 48 | . 1 1 . . 2 . . . 1 . . 31 . . . 1 1 10 . . Failed 6 | . . . . . 1 . . . 2 . . . . . . . . . . 3 Catastrophic . | . . . . . . . . . . . . . . . . . . . . . Database Lockouts . | . . . . . . . . . . . . . . . . . . . . . Manual 5 | . 1 . . . . . . . 1 . . 1 . . . . . 1 . 1 Terminals 6 | . 1 . . . 3 . . . 1 . . . . . . . . . . 1 Fabricators 1 | . . . . . . . . . 1 . . . . . . . . . . . Repair Stations 3 | . . . . . . . . . 1 . . . . . . . . . . 2 Recycling Units . | . . . . . . . . . . . . . . . . . . . . . Scanalyzers . | . . . . . . . . . . . . . . . . . . . . . Garrison Access . | . . . . . . . . . . . . . . . . . . . . . Terminal Hacks 46 | . . 1 . . 2 . . . . . . 31 . . . 1 1 10 . . Record 15 | . . . . . . . . . . . . 11 . . . . . 4 . . Part Schematic 13 | . . . . . . . . . . . . 13 . . . . . . . . Robot Schematic 4 | . . . . . . . . . . . . 4 . . . . . . . . Prototype ID Bank 7 | . . . . . . . . . . . . 3 . . . . . 4 . . Open Door 7 | . . 1 . . 2 . . . . . . . . . . 1 1 2 . . Fabricator Hacks . | . . . . . . . . . . . . . . . . . . . . . Repair Station Hacks . | . . . . . . . . . . . . . . . . . . . . . Recycling Unit Hacks . | . . . . . . . . . . . . . . . . . . . . . Scanalyzer . | . . . . . . . . . . . . . . . . . . . . . Garrison Access Hacks . | . . . . . . . . . . . . . . . . . . . . . Unauthorized Hacks 2 | . 1 . . . . . . . 1 . . . . . . . . . . . Terminals 1 | . 1 . . . . . . . . . . . . . . . . . . . Skim 1 | . 1 . . . . . . . . . . . . . . . . . . . Fabricators . | . . . . . . . . . . . . . . . . . . . . . Repair Stations 1 | . . . . . . . . . 1 . . . . . . . . . . . Patch 1 | . . . . . . . . . 1 . . . . . . . . . . . Recycling Units . | . . . . . . . . . . . . . . . . . . . . . Scanalyzers . | . . . . . . . . . . . . . . . . . . . . . Garrison Access . | . . . . . . . . . . . . . . . . . . . . . Data Cores Recovered 1 | . . . . . . . . . 1 . . . . . . . . . . . Used 1 | . . . . . . . . . 1 . . . . . . . . . . . Hacking Detections 6 | . . . . . 2 . . . 2 . . . . . . . . . . 2 Full Trace Events . | . . . . . . . . . . . . . . . . . . . . . Feedback Events . | . . . . . . . . . . . . . . . . . . . . . Feedback Blocked . | . . . . . . . . . . . . . . . . . . . . . Robot Schematics Acquired 4 | . . . . . . . . . . . . 4 . . . . . . . . Robots Built . | . . . . . . . . . . . . . . . . . . . . . Authchips . | . . . . . . . . . . . . . . . . . . . . . Time . | . . . . . . . . . . . . . . . . . . . . . Total Robot Build Rating . | . . . . . . . . . . . . . . . . . . . . . Part Schematics Acquired 13 | . . . . . . . . . . . . 13 . . . . . . . . Parts Built . | . . . . . . . . . . . . . . . . . . . . . Authchips . | . . . . . . . . . . . . . . . . . . . . . Time . | . . . . . . . . . . . . . . . . . . . . . Total Part Build Rating . | . . . . . . . . . . . . . . . . . . . . . Parts Repaired . | . . . . . . . . . . . . . . . . . . . . . Time . | . . . . . . . . . . . . . . . . . . . . . Parts Recycled . | . . . . . . . . . . . . . . . . . . . . . Recycled Matter . | . . . . . . . . . . . . . . . . . . . . . Retrieved Matter . | . . . . . . . . . . . . . . . . . . . . . Retrieved Components . | . . . . . . . . . . . . . . . . . . . . . Parts Scanalyzed . | . . . . . . . . . . . . . . . . . . . . . Part Schematics Acquired . | . . . . . . . . . . . . . . . . . . . . . Parts Damaged . | . . . . . . . . . . . . . . . . . . . . . Bothacking | -11 -10 -10 -9 -8 -8 -7 -7 -7 -6 -6 -6 -6 -5 -5 -4 -4 -4 -4 -3 -3 ------------ Run | Yrd Mat Min Mat Mat Sto Fac Was Fac Fac Low Low Dat Pro Fac Fac Upp Upp War Pro Res Used RIF Installer . | . . . . . . . . . . . . . . . . . . . . . Robots Hacked 2 | . . . . . . . . . . . . . . . . . . . . 2 Non-combat 2 | . . . . . . . . . . . . . . . . . . . . 2 Combat . | . . . . . . . . . . . . . . . . . . . . . Robot Hacks Applied 3 | . . . . . . . . . . . . . . . . . . . . 3 parse_system 1 | . . . . . . . . . . . . . . . . . . . . 1 no_distress 2 | . . . . . . . . . . . . . . . . . . . . 2 Relay Couplers Released . | . . . . . . . . . . . . . . . . . . . . . Fabnet Peak Effective % . | . . . . . . . . . . . . . . . . . . . . . Robots Rewired 5 | . . . . . . . . . . . . . . . . . . 5 . . Allies Hacked . | . . . . . . . . . . . . . . . . . . . . . Hacks Repelled . | . . . . . . . . . . . . . . . . . . . . . Allies | -11 -10 -10 -9 -8 -8 -7 -7 -7 -6 -6 -6 -6 -5 -5 -4 -4 -4 -4 -3 -3 -------- Run | Yrd Mat Min Mat Mat Sto Fac Was Fac Fac Low Low Dat Pro Fac Fac Upp Upp War Pro Res Total Allies 9 | . . 4 . . . . . . . . . . . . . . . 5 . . Largest Group 5 | . . 3 3 . . . . . . . . . . . . . . 5 . . Highest-Rated Group 260 | . . 40 40 . . . . . . . . . . . . . . 260 . . Highest-Rated Ally 56 | . . 31 16 . . . . . . . . . . . . . . 56 . . Total Orders 9 | . . . . . . . . . . . . . . . . . . . . 9 EXPLORE 9 | . . . . . . . . . . . . . . . . . . . . 9 Ally Attacks 56 | . . 4 30 . . . . . . . . . . . . . . 22 . . Total Damage 1020 | . . 42 328 . . . . . . . . . . . . . . 650 . . Kills 11 | . . 1 4 . . . . . . . . . . . . . . 6 . . Allies Corrupted . | . . . . . . . . . . . . . . . . . . . . . Allies Melted 1 | . . . . . . . . . . . . . . . . . . 1 . . Intel | -11 -10 -10 -9 -8 -8 -7 -7 -7 -6 -6 -6 -6 -5 -5 -4 -4 -4 -4 -3 -3 ------- Run | Yrd Mat Min Mat Mat Sto Fac Was Fac Fac Low Low Dat Pro Fac Fac Upp Upp War Pro Res Active Infowar (turns) 6750 | 176 283 569 755 31 287 77 26 205 944 106 280 128 319 224 106 512 283 248 604 587 Sensors 3398 | . . . . . . . . . 850 106 280 128 319 222 106 512 283 235 357 . Terrain 3726 | . . . 164 31 287 23 . . 859 106 243 . 209 224 106 512 243 230 489 . Seismic 2409 | 176 283 569 755 31 287 77 26 205 . . . . . . . . . . . . Cloaking 1250 | . . . . . . . . . . . . . . . . . . 245 604 401 Jamming 186 | . . . . . . . . . . . . . . . . . . . . 186 Robot Analysis Total . | . . . . . . . . . . . . . . . . . . . . . Derelict Logs Recovered 6 | . . 1 . . . . . . . 1 1 . 2 . . 1 . . . . Drone Launches 10 | . . . . . . . . . . . . . . . . . . . . 10 Drone Recoveries 6 | . . . . . . . . . . . . . . . . . . . . 6 Exploration | -11 -10 -10 -9 -8 -8 -7 -7 -7 -6 -6 -6 -6 -5 -5 -4 -4 -4 -4 -3 -3 ------------- Run | Yrd Mat Min Mat Mat Sto Fac Was Fac Fac Low Low Dat Pro Fac Fac Upp Upp War Pro Res Turns Passed 8684 | 339 283 602 770 31 287 77 26 207 990 106 280 128 319 224 106 512 870 1064 729 734 Spaces Moved 7000 | 168 169 320 348 20 245 144 75 342 927 220 439 80 386 360 151 418 407 800 513 468 Core 90 | 4 . . . . 4 . . . 5 . . . . . . . 77 . . . Treads 1253 | 164 169 320 348 20 11 . . . 221 . . . . . . . . . . . Legs 1419 | . . . . . . . . . . . . . . . . . 182 798 439 . Wheels . | . . . . . . . . . . . . . . . . . . . . . Hover 4226 | . . . . . 230 144 75 342 701 220 439 80 386 360 151 418 148 2 74 456 Flight 12 | . . . . . . . . . . . . . . . . . . . . 12 Fastest Speed 30 | 50 160 160 160 160 34 30 30 30 44 48 48 48 48 48 48 48 48 105 46 37 Average Speed 89 | 157 160 160 160 160 50 30 30 34 84 48 48 48 48 48 48 48 186 117 107 70 Slowest Speed 750 | 160 160 160 160 160 550 30 30 166 500 48 48 48 48 48 48 48 750 220 190 108 Overloaded Moves 12 | . . . . . . . . . . . . . . . . . . . 8 4 Propulsion Burnouts . | . . . . . . . . . . . . . . . . . . . . . Robots Hopped . | . . . . . . . . . . . . . . . . . . . . . Potential Cave-ins 1 | . . . . . . . . . . . . . . . . . . 1 . . Cave-ins Triggered . | . . . . . . . . . . . . . . . . . . . . . Exploration Rate (%) 39 | 7 30 54 35 6 34 5 66 11 25 52 67 68 61 14 4 53 65 89 66 18 Regions Visited 20 Branch Regions 10 Pre-discovered Areas 3 | . . . . . . . . . . . 1 1 1 . . . . . . . Known Exits Taken 12 | . . . 1 . . . . . 1 1 1 1 1 1 1 1 1 1 1 . Unknown Exits Taken 6 | 1 1 1 . 1 1 . . 1 . . . . . . . . . . . . Scrap Searched 14 | . . 1 . . . . . . . 1 3 . 4 . . 2 2 . 1 . Spaces Dug 29 | . . . . . . . . 4 10 . 1 . . . 2 5 . . . 7 Terrain Destroyed 330 | . . 31 7 . . . . 4 10 . 22 . . 19 2 5 112 . 106 12 Melee 23 | . . . . . . . . 4 10 . 1 . . . 2 2 . . . 4 Projectile 27 | . . . . . . . . . . . . . . 2 . 3 5 . 9 8 AOE 280 | . . 31 7 . . . . . . . 21 . . 17 . . 107 . 97 . Terrain Rammed . | . . . . . . . . . . . . . . . . . . . . . Walls Destroyed . | . . . . . . . . . . . . . . . . . . . . . Machines Disabled . | . . . . . . . . . . . . . . . . . . . . . Actions | -11 -10 -10 -9 -8 -8 -7 -7 -7 -6 -6 -6 -6 -5 -5 -4 -4 -4 -4 -3 -3 --------- Run | Yrd Mat Min Mat Mat Sto Fac Was Fac Fac Low Low Dat Pro Fac Fac Upp Upp War Pro Res Total 8850 | 201 180 372 478 19 367 168 77 404 1063 219 503 169 518 399 183 723 495 926 639 747 Wait 1106 | . . 19 39 . 61 12 3 19 44 . 58 88 127 5 19 295 56 60 70 131 Move 6981 | 167 168 319 347 19 244 144 74 341 926 219 438 79 385 359 150 417 406 799 512 468 Hop . | . . . . . . . . . . . . . . . . . . . . . Pick Up 101 | 7 7 2 12 . 13 2 . 5 11 . 1 . 3 7 5 2 1 8 . 15 Fast Attach 57 | 7 . . 1 . 6 2 . 3 9 . . . . 1 . . 2 10 . 16 Attach 66 | . . 2 6 . . 1 . 4 13 . . 1 2 3 2 . 9 4 9 10 Detach 10 | . . . . . . . . . 3 . . 1 . . . . 2 4 . . Swap 43 | 1 1 3 10 . 7 . . 5 2 . 2 . 1 7 1 1 . 1 . 1 Drop 77 | . 2 2 14 . 15 2 . 4 6 . 1 . . 7 4 3 1 8 . 8 Fire 232 | 19 1 24 47 . 21 5 . . 7 . 2 . . 6 . 3 18 . 48 31 Melee 135 | . . . . . . . . 17 42 . 1 . . 4 2 2 . . . 67 Ram . | . . . . . . . . . . . . . . . . . . . . . Kick . | . . . . . . . . . . . . . . . . . . . . . Crush 4 | . 1 1 2 . . . . . . . . . . . . . . . . . Escape Stasis 6 | . . . . . . . . 6 . . . . . . . . . . . . Rewire 32 | . . . . . . . . . . . . . . . . . . 32 . . Trap . | . . . . . . . . . . . . . . . . . . . . . Miscellaneous . | . . . . . . . . . . . . . . . . . . . . . Route ------- -11/Scrapyard -10/Materials -10/Mines -9/Materials -8/Materials -8/Storage -7/Factory -7/Waste -7/Factory -6/Factory -6/Lower Caves -6/Lower Caves (discovered 2 exits: *Fac / *Dat) -6/Data Miner -5/Proximity Caves -5/Factory -4/Factory -4/Upper Caves -4/Upper Caves (discovered 2 exits: *Res / *War) -4/Warlord -3/Proximity Caves -3/Research History --------- Turn | Location | Event 8 | -11/Scrapyard | Discovered new exit (range 15) 340 | -11/Scrapyard | Entered Materials 341 | -10/Materials | Build established: Mutant 594 | -10/Materials | Discovered new exit (range 16) 623 | -10/Materials | Entered Mines 624 | -10/Mines | Assembled infested the area 624 | -10/Mines | Met a Derelict testing a Signal Generator 629 | -10/Mines | Assisted by a Guerilla fighting off Assembled 897 | -10/Mines | Met a Derelict who couldn't figure out how to use a Trap Extractor 992 | -10/Mines | Learned 2 Materials zone layouts 1171 | -10/Mines | Assisted by bots powering up and referring to "LRC-V3" 1207 | -10/Mines | Discovered new exit (range 9) 1225 | -10/Mines | Entered Materials 1225 | -9/Materials | Accompanied by 3 allies 1225 | -9/Materials | Evolved 2 slots: Propulsion x1, Utility x1 1226 | -9/Materials | Identified exit to Materials 1843 | -9/Materials | Destroyed 8 combat bots 1995 | -9/Materials | Entered another Materials area 1995 | -8/Materials | Evolved 2 slots: Propulsion x2 2018 | -8/Materials | Discovered new exit (range 5) 2026 | -8/Materials | Entered Storage 2296 | -8/Storage | Found Prototype Launcher 2296 | -8/Storage | Identified Scatter Rocket Array 2307 | -8/Storage | Discovered new exit (range 15) 2313 | -8/Storage | Entered Factory 2313 | -7/Factory | Evolved 2 slots: Propulsion x1, Utility x1 2390 | -7/Factory | Sucked down chute 2390 | -7/Factory | Entered Waste 2396 | -7/Waste | Spotted C-40 Crusher 2404 | -7/Waste | Spotted C-40 Crusher 2407 | -7/Waste | Discovered new exit (range 10) 2407 | -7/Waste | Spotted C-40 Crusher 2416 | -7/Waste | Entered Factory 2544 | -7/Factory | Garrison activated, responded to threat 2599 | -7/Factory | Build established: Sprinter 2600 | -7/Factory | Discovered new exit (range 5) 2620 | -7/Factory | Core integrity fell below 50% 2623 | -7/Factory | Entered another Factory area 2623 | -6/Factory | Evolved 2 slots: Utility x2 2652 | -6/Factory | Lost 11 parts (7n2u2w) 3045 | -6/Factory | Build established: Assassin 3302 | -6/Factory | Lost 6 parts (1p3n1u1w) 3331 | -6/Factory | Spotted B-75 Beast 3604 | -6/Factory | Discovered new exit (range 13) 3613 | -6/Factory | Identified exit to Lower Caves 3613 | -6/Factory | Entered Lower Caves 3639 | -6/Lower Caves | Encountered a Warlord checkpoint 3642 | -6/Lower Caves | Build established: Scout 3649 | -6/Lower Caves | Identified exit to Lower Caves 3719 | -6/Lower Caves | Entered another Lower Caves area 3724 | -6/Lower Caves | Discovered new exit (range 8) 3727 | -6/Lower Caves | Identified exit to Factory 3854 | -6/Lower Caves | Encountered a Warlord checkpoint 3994 | -6/Lower Caves | Discovered new exit (range 10) 3998 | -6/Lower Caves | Identified exit to Data Miner 3999 | -6/Lower Caves | Entered Data Miner 3999 | -6/Data Miner | Discovered new exit (range 6) 4009 | -6/Data Miner | Met Data Miner 4108 | -6/Data Miner | Learned location of Section 7 (-3) 4108 | -6/Data Miner | Acquired the access code to Warlord's prototype stash 4116 | -6/Data Miner | Received God Mode back door access code from Data Miner 4126 | -6/Data Miner | Identified exit to Proximity Caves 4127 | -6/Data Miner | Entered Proximity Caves 4160 | -5/Proximity Caves | Learned Factory garrison access intel 4186 | -5/Proximity Caves | Learned location of Armory (-4) 4424 | -5/Proximity Caves | Discovered exit to Factory (range 9) 4446 | -5/Proximity Caves | Entered Factory 4446 | -5/Factory | Evolved 2 slots: Power x1, Utility x1 4447 | -5/Factory | Loaded intel: 4 garrison access locations 4667 | -5/Factory | Discovered new exit (range 6) 4670 | -5/Factory | Identified exit to Factory 4670 | -5/Factory | Entered another Factory area 4670 | -4/Factory | Evolved 2 slots: Utility x1, Weapon x1 4732 | -4/Factory | Discovered new exit (range 14) 4766 | -4/Factory | Identified exit to Upper Caves 4776 | -4/Factory | Entered Upper Caves 5002 | -4/Upper Caves | Build established: Hacker-Scout 5126 | -4/Upper Caves | Learned Research garrison access intel 5282 | -4/Upper Caves | Discovered new exit (range 14) 5288 | -4/Upper Caves | Identified exit to Upper Caves 5288 | -4/Upper Caves | Entered another Upper Caves area 5295 | -4/Upper Caves | Discovered new exit (range 13) 5355 | -4/Upper Caves | Attracted the attention of an 0b10 checkpoint 5399 | -4/Upper Caves | Lost 4 parts (1p1n1u1w) 5509 | -4/Upper Caves | Lost 11 parts (3p3n2u3w) 5573 | -4/Upper Caves | Encountered a Warlord checkpoint 5649 | -4/Upper Caves | Build established: Hacker-Mutant 6147 | -4/Upper Caves | Discovered new exit (range 10) 6157 | -4/Upper Caves | Identified exit to Warlord 6158 | -4/Upper Caves | Entered Warlord 6289 | -4/Warlord | Found Prototype Special Weapon 6289 | -4/Warlord | Identified RU-N14's Throwing Claymores v3 6292 | -4/Warlord | Found RU-N14's Throwing Claymores v3 6295 | -4/Warlord | Found RU-N14's Throwing Claymores v3 6297 | -4/Warlord | Found RU-N14's Throwing Claymores v3 6339 | -4/Warlord | Found Prototype Device 6339 | -4/Warlord | Identified Minesniffer Drone Bay 6452 | -4/Warlord | Met Warlord 6477 | -4/Warlord | Warlord's base attacked by MAIN.C 6590 | -4/Warlord | Build established: Hacker-Skirmisher 6827 | -4/Warlord | Warlord forces counterattacked 6878 | -4/Warlord | Opened Warlord's prototype stash 6903 | -4/Warlord | Found Prototype Reactor 6903 | -4/Warlord | Identified Vortex Chain Reactor 6920 | -4/Warlord | Found Prototype Processor 6921 | -4/Warlord | Identified Exp. Target Analyzer 7120 | -4/Warlord | Opened side exit 7152 | -4/Warlord | Warlord base infiltrated, sounded retreat 7197 | -4/Warlord | Discovered new exit (range 17) 7221 | -4/Warlord | Identified exit to Proximity Caves 7222 | -4/Warlord | Entered Proximity Caves 7305 | -3/Proximity Caves | Build established: Hacker-Assassin 7665 | -3/Proximity Caves | Lost 7 allies 7796 | -3/Proximity Caves | Spotted B-86 Titan 7823 | -3/Proximity Caves | Core integrity fell below 50% 7870 | -3/Proximity Caves | Lost 6 parts (2p2n1u1w) 7887 | -3/Proximity Caves | Build established: Hacker-Mutant 7915 | -3/Proximity Caves | Core integrity fell below 20% 7937 | -3/Proximity Caves | Discovered new exit (range 15) 7950 | -3/Proximity Caves | Identified exit to Research 7951 | -3/Proximity Caves | Entered Research 7951 | -3/Research | Evolved 2 slots: Propulsion x1, Utility x1 7952 | -3/Research | Loaded intel: 4 garrison access locations 8409 | -3/Research | System corruption reached 10% 8465 | -3/Research | Lost 5 parts (3u2w) 8541 | -3/Research | Lost 4 allies 8664 | -3/Research | Core integrity fell below 50% 8675 | -3/Research | Core integrity fell below 20% 8685 | -3/Research | Destroyed by S-43 Plague with Heavy Machine Gun Last Messages --------------- 08644_ System corrupted: Component data lost. 08646_ Antigrav Array destroyed. 08648_ Cmb. Gravmag System destroyed. 08650_ Adv. Datajack destroyed. 08653_ Minesniffer Drone Bay destroyed. 08655_ Cmb. Gravmag System destroyed. 08658_ Mak. Transmission Jammer destroyed. 08659_ Cmb. Antigrav System destroyed. 08660_ System corrupted: Component data lost. 08660_ Cmb. Gravmag System destroyed. 08662_ K-01 Serf collects debris. 08671_ Adv. Hacking Suite destroyed. 08672_ K-01 Serf collects debris. 08673_ Acquired Xenon Bombardment Thruster. 08674_ Q-thruster destroyed. 08676_ Acquired Hvy. Machine Gun. 08677_ System corrupted: Heat flow error (+272). 08677_ Dropped Hvy. Machine Gun. 08681_ Kinetic Spear destroyed. 08682_ Acquired Xenon Bombardment Thruster. Map ----- +----------------------------------------------------+ | ?????????????????????????????????????????????????? | | ?????????????????????????????????????????????????? | | ?????????????????????????????????????????????????? | | ?????????????????????????????????????????????????? | | ?????????????????????????????????????????????????? | | ?????????????????????????????????????????????????? | | ?????????????????????????????????????????????????? | | ?????????????????????????????????????????????????? | | ?????????????????????????????????????????????????? | | ?????????????????????????????????????????????????? | | ??????????????????????????##########?????????????? | | ??????????????????????????# ! #?????###????? | | ??????????????????????????# ]#????? !???? | | ??????????????????????????#! """" #???? # | | ??????????????????????????# """" #????""" # | | ??????????????????????????# """" ###? """ # | | ??????????????????????????# """" # ?? """ # | | ??????????????????????????# """" ##? + | | ??????????????????????????# ==== u "## # | | ??????????????????????????#[%== = / + # | | ??????????????????????????#####/##############?# | | ???????????????????????????# ss uo############# | | ????????????????????######## s s g | | ????????????????????# T" | | ????????????????????+ % "" | | ????????????????????# @ sgg ! | | ????????????????????####+### !% | | ???????????????????????????# ########### #+# | | ???????????????????????????### ###?????????# # | | ?????????????????????????????# #???????????# # | | ?????????????????????????????# #???????????# #"S | | ?????????????????????????????# +???????????# #"" | | ?????????????????????????????# #???????????# # " | | ?????????????????????????????# #???????????# # | | ?????????????????????????????# #???????????# # | | ?????????????????????????????# #???????????? # | | ?????????????????????????????? ????????????? ### | | ?????????????????????????????????????????????? ??? | | ?????????????????????????????????????????????? ??? | | ?????????????????????????????????????????????? ??? | | ?????????????????????????????????????????????? ??? | | ?????????????????????????????????????????????? ??? | | ?????????????????????????????????????????????????? | | ?????????????????????????????????????????????????? | | ?????????????????????????????????????????????????? | | ?????????????????????????????????????????????????? | | ?????????????????????????????????????????????????? | | ?????????????????????????????????????????????????? | | ?????????????????????????????????????????????????? | | ?????????????????????????????????????????????????? | +----------------------------------------------------+ Best States ------------- Heat Dissipation 46 Coolant Potential 80 Energy Generation 55 Energy Capacity 700 Matter Stores 300 Matter Capacity 300 Sight Range 16 Robot Scan Range 16 Terrain Scan Range 20 Terrain Scan Density 210 Jamming Range 14 Cloak Strength 3 Power Amplification 30 Evasion (%) 67 Core Analysis 6 Recoil Reduction 3 Offensive Hacking 26 Item Schematics ----------------- Combat Drone Bay | -6/Data Miner | Free Lgt. Regenerative Plating | -6/Data Miner | Free Enh. Flexi-carbon Leg | -6/Data Miner | Free Imp. Matter Compressor | -6/Data Miner | Free Neutron Cannon | -6/Data Miner | Free Shield Leg | -6/Data Miner | Free Adv. Transmission Jammer | -6/Data Miner | Free Hardcell Cannon | -6/Data Miner | Free Antigrav System | -6/Data Miner | Free Imp. Linear Gravjet | -6/Data Miner | Free Imp. Antigrav System | -6/Data Miner | Free Hvy. Linear Accelerator | -6/Data Miner | Free Adv. Point Defense System | -6/Data Miner | Free Robot Schematics ------------------ S-27 Virus | -6/Data Miner | Free B-48 Gladiator | -6/Data Miner | Free P-70 Sage | -6/Data Miner | Free A-15 Conveyor | -6/Data Miner | Free Fabricated ------------ Nothing Repaired ---------- Nothing Alien Tech Used ----------------- None Achievements -------------- None Challenges ------------ None Game ------ Seed FluxIonicDirector Manual? 0 Play Time 01:12:19 Cumulative 142.7 hours Start 2025.07.10 @ 14:17:19 End 2025.07.10 @ 15:37:17 Sessions 1 Manual Loads 0 Difficulty Rogue Special Mode None Game No. 368 Rogue 368 Adventurer 0 Explorer 0 Win Type - Total 4 Types 3/0/1/0/0/0/0/0/0/0 Lore% 68 Gallery% 57 Achievement% 47 Wizard Run 0 Options --------- Layout 0 ASCII 0 Keyboard 0 Movement Numpad Keybinds 0 Fullscreen 2 Font 18/Terminus Map View 76x50 Zoom Use 0% Tactical HUD 1 Map Filters NONE Filters NONE Steam 1 RUN: 1844ff0c-1098-40c3-9b1e-d1e718c9903e